 Dungeon Crawl Stone Soup version 0.17.0-26-gececa24 (console) character file.

2100 jw the Covert (level 9, -1/61 HPs)
             Began as an Octopode Berserker on Nov 19, 2015.
             Was an Elder of Trog.
             Slain by a hippogriff (10 damage)
             ... on level 7 of the Dungeon.
             The game lasted 00:21:36 (8033 turns).

jw the Covert (Octopode Berserker)                  Turns: 8033, Time: 00:21:37

Health: -1/61      AC:  1    Str: 17    XL:     9   Next: 28%
Magic:  9/9        EV: 14    Int:  9    God:    Trog [****..]
Gold:   355        SH:  4    Dex: 14    Spells: 0 memorised, 8 levels left

rFire  . . .     SeeInvis .     b - +0 short sword (speed)
rCold  . . .     Clarity  .     j - +0 buckler
rNeg   + . .     SustAt   .     (helmet restricted)
rPois  .         Gourm    .     (no amulet)
rElec  .         Spirit   .     v - ring of positive energy
rCorr  .         Warding  .     (no ring)
rMut   .         Stasis   .     (no ring)
MR     .....                    (no ring)
Stlth  ++++++....               (no ring)
                                (no ring)
                                (no ring)
                                (no ring)

@: not resistant to hostile enchantments, very stealthy
A: almost no armour, amphibious, 8 rings, constrict 8, camouflage 1, gelatinous
body 1
a: Berserk, Trog's Hand, Brothers in Arms, Burn Spellbooks, Renounce Religion


You were on level 7 of the Dungeon.
You worshipped Trog.
Trog was greatly pleased with you.
You were very hungry.

You visited 1 branch of the dungeon, and saw 7 of its levels.

You collected 355 gold pieces.

Inventory:

Hand Weapons
 b - a +0 short sword of speed (weapon)
Missiles
 e - 228 stones
 g - 22 poisoned needles
 q - 8 tomahawks (quivered)
 r - 3 needles of frenzy
Armour
 j - a +0 buckler (worn)
Jewellery
 v - a ring of positive energy (left tentacle)
Wands
 n - a wand of random effects (8)
 t - a wand of disintegration (16)
Scrolls
 a - 2 scrolls of remove curse
 c - 5 scrolls of identify
 o - a scroll of blinking
 s - a scroll of teleportation
Potions
 l - 2 potions of curing
 m - a potion of haste
Comestibles
 d - 4 slices of pizza
 f - 4 meat rations
 h - 4 bread rations
 i - 2 fruits


   Skills:
 + Level 5.3 Fighting
 * Level 7.0 Short Blades
 + Level 4.0 Throwing
 + Level 5.4 Dodging
 * Level 9.2 Stealth
 + Level 0.8 Shields


You had 8 spell levels left.
You didn't know any spells.

Dungeon Overview and Level Annotations

Branches:
Dungeon (7/15)             Temple (0/1) D:6

Altars:
Fedhas
Kikubaaqudgha
Makhleb
Qazlal


Innate Abilities, Weirdness & Mutations

You cannot wear most types of armour.
You are amphibious.
You can wear up to eight rings at the same time.
You can use your tentacles to constrict eight enemies at once.
Your skin changes colour to match your surroundings (Stealth).
Your rubbery body absorbs attacks (AC +1).


Message History

The hippogriff is blasted.
Evoking this partially-identified wand wasted a few charges.
The hippogriff closely misses you. The hippogriff barely misses you.
The hippogriff claws you!
Evoke which item? (* to show all) (? for menu, Esc to quit)
Zapping:
n - a wand of random effects {zapped: 3} (will waste charges)
Press: ? - help, Shift-Dir - straight line, f/p - hippogriff
Aim: a hippogriff (moderately wounded)
The hippogriff looks slightly unstable.
Evoking this partially-identified wand wasted a few charges.
The hippogriff closely misses you. x2
The hippogriff claws you.
Evoke which item? (* to show all) (? for menu, Esc to quit)
Zapping:
n - a wand of random effects {zapped: 6} (will waste charges)
Press: ? - help, Shift-Dir - straight line, f/p - hippogriff
Aim: a hippogriff (moderately wounded)
The hippogriff struggles to resist.
Evoking this partially-identified wand wasted a few charges.
The hippogriff bites you!
You die...

#.# #.# #..
#.# #.# #.#
#.# #g# #.#
#.# #$# #.#
#.#
#.##########H#
#.........)x.#
##############


You could see a hippogriff.

Table legend:
 A = Turns spent in this place as a percentage of turns spent in the entire game.
 B = Non-inter-level travel turns spent in this place as a percentage of non-inter-level travel turns spent in the entire game.
 C = Inter-level travel turns spent in this place as a percentage of turns spent in this place.
 D = Turns resting spent in this place as a percentage of non-inter-level travel turns spent in this place.
 E = Turns spent auto-exploring this place as a percentage of non-inter-level travel turns spent in this place.
 F = Non-inter-level travel turns spent in this place divided by the number of levels of this place that you've seen.
                   A       B       C       D       E      F
               +-------+-------+-------+-------+-------+----------------------
         Total | 100.0 | 100.0 |   0.5 |   1.1 |   2.4 | 1476.7
       Dungeon | 100.0 | 100.0 |   0.5 |   1.1 |   2.4 | 1476.7
               +-------+-------+-------+-------+-------+----------------------

Table legend:
 A = Kills in this place as a percentage of kills in entire the game.
 B = Kills by you in this place as a percentage of kills by you in the entire game.
 C = Kills by friends in this place as a percentage of kills by friends in the entire game.
 D = Other kills in this place as a percentage of other kills in the entire game.
 E = Experience gained in this place as a percentage of experience gained in the entire game.
 F = Experience gained in this place divided by the number of levels of this place that you have seen.
                   A       B       C       D       E      F
               +-------+-------+-------+-------+-------+----------------------
         Total | 100.0 | 100.0 |  -nan |  -nan | 100.0 | 428.6
       Dungeon | 100.0 | 100.0 |  -nan |  -nan | 100.0 | 428.6
               +-------+-------+-------+-------+-------+----------------------

Vanquished Creatures
  Pikel (D:5)
  Sigmund (D:2)
  A wyvern (D:5)
  The ghost of jw the Cutter, an amateur OpBe of Trog (D:3)
  Edmund (D:4)
  A sky beast (D:4)
  3 slaves (D:5)
  An ogre (D:6)
  3 centaurs (D:5)
  A gnoll shaman (D:5)
  A giant frog skeleton (D:5)
  A jelly (D:5)
  An orc priest (D:6)
  2 orc wizards
  2 worker ants (D:4)
  Jessica (D:2)
  2 hounds
  17 gnolls
  A worker ant zombie (D:6)
  6 adders
  2 oozes
  A worm (D:3)
  2 adder skeletons
  4 giant geckos
  24 orcs
  A ball python (D:1)
  8 bats
  3 giant cockroaches
  3 goblins
  15 hobgoblins
  3 jackals (D:1)
  13 kobolds
  A giant gecko zombie (D:5)
  4 giant newts
  6 quokkas
  5 rats
  2 bushes (D:3)
145 creatures vanquished.

Vanquished Creatures (others)
  2 worker ants
  An orc (D:6)
3 creatures vanquished.

Grand Total: 148 creatures vanquished

Notes
Turn   | Place    | Note
--------------------------------------------------------------
     0 | D:1      | jw the Octopode Berserker began the quest for the Orb.
     0 | D:1      | Reached XP level 1. HP: 16/16 MP: 1/1
    98 | D:1      | Reached skill level 1 in Stealth
   110 | D:1      | Reached XP level 2. HP: 15/21 MP: 2/2
   649 | D:1      | Reached XP level 3. HP: 18/26 MP: 3/3
  1455 | D:2      | Reached ** piety under Trog
  1759 | D:2      | Noticed Jessica
  1764 | D:2      | Killed Jessica
  1764 | D:2      | Reached XP level 4. HP: 31/31 MP: 4/4
  2161 | D:2      | Noticed Sigmund
  2171 | D:2      | Killed Sigmund
  2171 | D:2      | Reached skill level 4 in Short Blades
  2171 | D:2      | Reached skill level 1 in Throwing
  2171 | D:2      | Reached XP level 5. HP: 36/36 MP: 5/5
  2171 | D:2      | Reached XP level 6. HP: 42/42 MP: 6/6
  2857 | D:3      | Noticed jw's ghost (amateur OpBe)
  2860 | D:3      | Killed jw's ghost
  2860 | D:3      | Reached skill level 5 in Stealth
  3423 | D:3      | Reached *** piety under Trog
  3633 | D:3      | Reached XP level 7. HP: 21/47 MP: 7/7
  4415 | D:4      | Reached skill level 5 in Short Blades
  4844 | D:4      | Reached skill level 6 in Stealth
  4984 | D:4      | Found an ancient bone altar of Kikubaaqudgha.
  4984 | D:4      | Found a blossoming altar of Fedhas.
  5048 | D:4      | Noticed Edmund
  5069 | D:4      | Killed Edmund
  5696 | D:5      | Entered Level 5 of the Dungeon
  5708 | D:5      | Noticed Pikel
  5711 | D:5      | Reached XP level 8. HP: 54/54 MP: 8/8
  5732 | D:5      | Killed Pikel
  5732 | D:5      | Reached skill level 7 in Stealth
  5776 | D:5      | Reached skill level 8 in Stealth
  5944 | D:5      | Reached skill level 5 in Dodging
  6055 | D:5      | Found a burning altar of Makhleb.
  6122 | D:5      | Reached **** piety under Trog
  6364 | D:5      | Reached skill level 5 in Fighting
  6364 | D:5      | Reached XP level 9. HP: 59/61 MP: 9/9
  6504 | D:5      | Noticed a wyvern
  6506 | D:5      | Killed a wyvern
  6838 | D:6      | Found a staircase to the Ecumenical Temple.
  7095 | D:6      | Found a stormy altar of Qazlal.
  7249 | D:6      | Reached skill level 9 in Stealth
  7938 | D:6      | Identified a scroll of acquirement
  8033 | D:7      | Slain by a hippogriff

Action                   |  1- 3 |  4- 6 |  7- 9 || total
-------------------------+-------+-------+-------++-------
Melee: Short sword       |    78 |   251 |   193 ||   522
Throw: Stone             |    56 |    42 |    70 ||   168
       Tomahawk          |       |     4 |    20 ||    24
Invok: Berserk           |     1 |     3 |     2 ||     6
       Trog's Hand       |       |     1 |     1 ||     2
Evoke: Wand              |       |       |     3 ||     3
  Use: Potion            |     1 |     3 |     7 ||    11
       Scroll            |     1 |     2 |     6 ||     9
 Stab: Sleeping          |     4 |     1 |     6 ||    11
       Distracted        |       |     1 |       ||     1
  Eat: Chunk             |     4 |     8 |    14 ||    26
       Pizza             |       |       |     1 ||     1

Vault maps used:
D:1:      grunt_arrival_crossed_arrows
D:2:      uniq_sigmund, uniq_jessica
D:3:      minmay_hedge_maze
D:4:      grunt_temple_overflow_growth_and_decay, uniq_edmund
D:5:      kennysheep_mini, first_bread, uniq_pikel
D:6:      kennysheep_mini_moat, minmay_temple_entry_fiery
D:7:      grunt_temple_overflow_bloody_war, basic_altar
